[ AOE2 MATCH · #505745665 ]
UnrankedBurgundians vs Malay
Player's team · LOSS
Rival team · WIN
[ REPLAY ANALYSIS · EXTRACTED FROM THE RECORDED GAME ]
Feudal
8:50
Castle
—
Imperial
—
| APM avg | 64.5 |
| APM peak | 112 |
| eAPM avg | 19.9 |
| Villagers / military | 29 / 5 |
Focus
⚔️ 27.3% · 🌾 72.7%
Spearman ×3 · Flemish Militia ×2
Feudal
8:06
Castle
—
Imperial
—
| APM avg | 64.8 |
| APM peak | 77 |
| eAPM avg | 23.4 |
| Villagers / military | 20 / 12 |
Focus
⚔️ 46.0% · 🌾 54.0%
Militia ×12
Match map
Initial resources + every placement click. Lines = walls · curves = elevation contours. ◆ gold · ⬟ stone · ● berries · ✦ relic · ◌ wall gap
Your base· Open — opponent sealed themselves in
Scruffles's base· ✓ Closed at 12:00 · 32t walls · no gate
Smoothed initial terrain · ◌ = detected wall gap · hover for details
Inputs per minute
— _DaViCy_ - - Scruffles
Build order — _DaViCy_
52 actions detected in the replay
| 0:00 | Create | Villager (Male) |
| 0:01 | Build | House |
| 0:02 | Build | House |
| 0:07 | Create | Villager (Male) |
| 0:07 | Create | Villager (Male) |
| 0:07 | Create | Villager (Male) |
| 1:23 | Create | Villager (Male) |
| 1:45 | Build | Lumber Camp |
| 1:46 | Create | Villager (Male) |
| 1:47 | Create | Villager (Male) |
| 2:20 | Create | Villager (Male) |
| 2:20 | Create | Villager (Male) |
| 2:32 | Research | Double-Bit Axe |
| 2:32 | Research | Double-Bit Axe |
| 2:54 | Create | Villager (Male) |
| 2:55 | Create | Villager (Male) |
| 2:55 | Create | Villager (Male) |
| 3:16 | Create | Villager (Male) |
| 3:16 | Create | Villager (Male) |
| 3:42 | Create | Villager (Male) |
| 3:42 | Create | Villager (Male) |
| 3:54 | Build | House |
| 4:35 | Create | Villager (Male) |
| 4:35 | Create | Villager (Male) |
| 4:35 | Create | Villager (Male) |
| 5:19 | Build | Mill |
| 5:43 | Create | Villager (Male) |
| 6:01 | Research | Loom |
| 6:37 | Research | Feudal Age |
| 7:46 | Build | Barracks |
| 8:03 | Build | House |
| 8:06 | Create | Villager (Male) |
| 8:14 | Build | House |
| 8:23 | Build | Palisade Wall |
| 8:50 | Age | Feudal Age |
| 8:56 | Create | Flemish Militia |
| 8:56 | Create | Flemish Militia |
| 9:05 | Create | Villager (Male) |
| 9:25 | Create | Villager (Male) |
| 9:32 | Build | Mining Camp |
| 9:58 | Create | Villager (Male) |
| 10:00 | Research | Bow Saw |
| 10:01 | Research | Bow Saw |
| 10:17 | Create | Villager (Male) |
| 10:36 | Create | Villager (Male) |
| 10:59 | Create | Spearman |
| 11:00 | Create | Spearman |
| 11:09 | Create | Villager (Male) |
| 11:33 | Create | Spearman |
| 11:39 | Create | Villager (Male) |
| 11:41 | Build | Archery Range |
| 11:56 | Create | Villager (Male) |
Build order — Scruffles
48 actions detected in the replay
| 0:00 | Create | Villager (Male) |
| 0:02 | Build | House |
| 0:03 | Build | House |
| 0:10 | Create | Villager (Male) |
| 0:10 | Create | Villager (Male) |
| 0:11 | Create | Villager (Male) |
| 0:11 | Create | Villager (Male) |
| 1:14 | Create | Villager (Male) |
| 1:44 | Create | Villager (Male) |
| 2:04 | Create | Villager (Male) |
| 2:28 | Build | Lumber Camp |
| 2:33 | Create | Villager (Male) |
| 2:51 | Create | Villager (Male) |
| 3:06 | Build | House |
| 3:27 | Create | Villager (Male) |
| 3:55 | Create | Villager (Male) |
| 4:02 | Create | Villager (Male) |
| 4:12 | Create | Villager (Male) |
| 4:55 | Create | Villager (Male) |
| 4:55 | Create | Villager (Male) |
| 5:34 | Build | Mining Camp |
| 5:55 | Research | Loom |
| 6:48 | Research | Feudal Age |
| 6:55 | Build | Barracks |
| 7:02 | Build | House |
| 7:27 | Create | Militia |
| 7:50 | Create | Militia |
| 7:51 | Create | Militia |
| 8:06 | Age | Feudal Age |
| 8:06 | Create | Villager (Male) |
| 8:20 | Build | Stone Wall |
| 8:32 | Build | Stone Wall |
| 8:35 | Create | Militia |
| 8:37 | Research | Man-at-Arms (upgrade) |
| 8:39 | Create | Villager (Male) |
| 8:45 | Build | House |
| 9:20 | Create | Militia |
| 9:32 | Create | Militia |
| 10:07 | Create | Militia |
| 10:30 | Create | Militia |
| 10:48 | Create | Militia |
| 10:49 | Create | Militia |
| 11:10 | Create | Militia |
| 11:10 | Create | Militia |
| 11:40 | Build | Stone Wall |
| 11:45 | Create | Villager (Male) |
| 11:45 | Create | Villager (Male) |
| 11:59 | Build | Stone Wall |
Match timeline
| 6:55 | Scruffles · first_building Barracks |
| 7:46 | _DaViCy_ · first_building Barracks |
| 8:06 | Scruffles · age_up feudal |
| 8:20 | Scruffles · wall_segment Stone Wall x9 |
| 8:23 | _DaViCy_ · wall_segment Palisade Wall x1 |
| 8:32 | Scruffles · wall_segment Stone Wall x10 |
| 8:50 | _DaViCy_ · age_up feudal |
| 11:40 | Scruffles · wall_segment Stone Wall x7 |
| 11:41 | _DaViCy_ · first_building Archery Range |
| 11:59 | Scruffles · wall_segment Stone Wall x6 |
| 12:05 | _DaViCy_ · resign |
[ AI ANALYSIS · 1 CREDIT ]
What really happened in this match?
Wolo.gg analyzes every decision: build order, eco, micro, common mistakes by bracket. Personalized analysis on WhatsApp or Discord in 30 seconds.
Civ guide
Burgundians
Perfil
Jugador #425762